 Dungeon Crawl Stone Soup version 0.29.1-12-g30fa7ad0bf (webtiles) character file.

Game seed: 9792581436061063920

176 IcyTea the Cutter (level 5, -6/27 HPs)
             Began as an Octopode Enchanter on Dec 22, 2022.
             Mangled by an orc
             ... wielding a +0 flail
              (9 damage)
             ... on level 4 of the Dungeon.
             The game lasted 00:08:56 (2395 turns).

IcyTea the Cutter (Octopode Enchanter)              Turns: 2395, Time: 00:08:56

Health: -6/27      AC:  1    Str:  5 (6)  XL:     5   Next: 56%
Magic:  8/8        EV: 13    Int: 23 (24) God:
Gold:   90         SH:  0    Dex: 11      Spells: 6/8 levels left

rFire   . . .      SeeInvis .   a - +1 dagger (flame)
rCold   . . .      Faith    .   (no shield)
rNeg    . . .      Spirit   .   (helmet restricted)
rPois   .          Reflect  .   (no amulet)
rElec   .          Harm     .   d - ring of willpower
rCorr   .          Rampage  .   k - ring of flight
Will    +....      Clarity  +   (no ring)
Stlth   +++.......              (no ring)
HPRegen 0.09/turn               (no ring)
MPRegen 0.11/turn               (no ring)
                                (no ring)
                                (no ring)

@: flying
A: almost no armour, amphibious, 8 rings, camouflage 1, gelatinous body 1,
(nimble swimmer 1), tentacles, clarity, clever 1, deterioration 1, frail 1
a: no special abilities


You were on level 4 of the Dungeon.
You visited 1 branch of the dungeon, and saw 6 of its levels.

You collected 90 gold pieces.

Inventory:

Hand Weapons
 a - a +1 dagger of flaming (weapon)
 b - a +0 arbalest
 e - a +0 short sword
 n - a +0 long sword
Missiles
 h - 2 poisoned darts
Jewellery
 d - a ring of willpower (left tentacle)
 k - a ring of flight (right tentacle)
Scrolls
 c - 3 scrolls of fear
 m - 2 scrolls of poison
 o - a scroll of immolation
Potions
 f - a potion of invisibility
 j - a potion of haste {unknown}
 l - a potion of curing


   Skills:
 + Level 4.1 Short Blades
 - Level 2.0 Dodging
 - Level 4.0 Stealth
 - Level 2.0 Spellcasting
 - Level 4.0 Hexes
 - Level 1.6 Ice Magic


You had 6 spell levels left.
You knew the following spells:

 Your Spells              Type           Power      Damage    Failure   Level
a - Ensorcelled Hibernat  Hex/Ice        30%        N/A       6%          2

Your spell library contained the following spells:

 Spells                   Type           Power      Damage    Failure   Level
 Confusing Touch          Hex            20%        N/A       8%          3
 Tukima's Dance           Hex            20%        N/A       8%          3
 Dazzling Flash           Conj/Hex       22%        N/A       17%         3
 Gell's Gravitas          Tloc           2%         N/A       36%         3
 Teleport Other           Tloc           2%         N/A       36%         3
 Dispersal                Tloc           1%         N/A       100%        6


Dungeon Overview and Level Annotations

Branches:
Dungeon (6/15)
 Temple: D:4-7

Altars:

Shops:
D:1 [

Annotations:
D:2 1 runed translucent door, Crazy Yiuf
D:3 2 transporters, nuchber's ghost, amateur DrBe


Innate Abilities, Weirdness & Mutations

You cannot wear most types of armour.
You are amphibious.
You can wear up to eight rings at the same time.
Your skin changes colour to match your surroundings (Stealth+).
Your rubbery body absorbs attacks. (AC +1, EV +1)
((You are camouflaged when in or above water. (Stealth+)))
You have tentacles for arms and can constrict up to eight enemies at once.
You possess an exceptional clarity of mind.
Your mind is acute. (Int +4, Str/Dex -1)
Your body sometimes deteriorates upon taking damage.
You are frail. (-10% HP)


Message History

You feel a little less mighty now.
You start resting.
You flicker for a moment.
You start resting.
Magic restored.
You start resting.
You flicker back into view.
You start resting.
Your magical contamination has completely faded away.
You start resting.
HP restored.
You see here a +0 mace.
There is a stone staircase leading up, spattered with blood here.
You fly upwards.
You hear the hiss of flowing sand.
There is an entrance to an ossuary on this level.
Hurry and find it before the portal is buried!
You hear the hiss of a distant avalanche of sand.
The orc hits you with a +0 flail!
Your body deteriorates!
You feel weakened. The orc barely misses you.
There is a stone staircase leading down, spattered with blood here.
The goblin shouts!
You hit the orc but do no damage. You grab the orc.
You constrict the orc, but do no damage.
You hit the orc. You burn the orc. You squeeze the orc.
The orc is severely wounded.
You constrict the orc, but do no damage.
The orc hits you with a +0 flail!
* * * LOW HITPOINT WARNING * * *
Your body deteriorates!
You feel dopey.
You hit the orc but do no damage. You squeeze the orc, but do no damage.
The orc is severely wounded.
You constrict the orc, but do no damage.
The orc hits you with a +0 flail.
* * * LOW HITPOINT WARNING * * *
You hit the orc but do no damage. You squeeze the orc, but do no damage.
The orc is severely wounded.
You constrict the orc, but do no damage.
The orc hits you with a +0 flail!
You die...

........ ....
...$... ..... #
...... .?... ..
....##..... ...
..........
?...##.........
.............#
#...........#
#.....@..#....
...#...o.......
............##.
...#........#
.. #g....##^# .
.....## ...
....... ##(
........


You could see an orc and a goblin.

Vanquished Creatures
  A bullfrog (D:6)
  An orc wizard (D:2)
  2 adders
  A white imp (D:5)
  A worm (D:2)
  3 dart slugs
  6 orcs
  4 bats
  5 endoplasms
  2 giant cockroaches
  2 goblins (D:3)
  4 hobgoblins
  4 jackals (D:1)
  2 ball pythons (D:2)
  3 kobolds
  5 rats
46 creatures vanquished.

Notes
Turn   | Place    | Note
-------+----------+-------------------------------------------
     0 | D:1      | IcyTea the Octopode Enchanter began the quest for the Orb.
     0 | D:1      | Reached XP level 1. HP: 11/11 MP: 3/3
   199 | D:1      | Reached XP level 2. HP: 17/17 MP: 5/5
   216 | D:1      | Learned a level 2 spell: Ensorcelled Hibernation
   468 | D:1      | Found Koutak's Antique Armour Boutique.
   958 | D:2      | Reached XP level 3. HP: 21/21 MP: 6/6
  1249 | D:2      | Found a faded altar of an unknown god.
  1326 | D:2      | Found a runed translucent door.
  1327 | D:2      | Noticed Crazy Yiuf
  1373 | D:2      | Reached skill level 1 in Ice Magic
  1529 | D:2      | Reached XP level 4. HP: 27/27 MP: 4/7
  1783 | D:3      | Found a transporter.
  1783 | D:3      | Noticed a black bear
  1791 | D:3      | Noticed nuchber's ghost (amateur DrBe)
  1792 | D:3      | Found a transporter.
  1941 | D:3      | You are sucked into a shaft and drop 3 floors!
  1942 | D:6      | Noticed a bullfrog
  1950 | D:6      | Killed a bullfrog
  1951 | D:6      | Reached XP level 5. HP: 26/31 MP: 3/8
  2043 | D:5      | Entered Level 5 of the Dungeon
  2127 | D:5      | Gained mutation: Your body sometimes deteriorates upon
                  | taking damage. [potion of mutation]
  2127 | D:5      | Gained mutation: You are frail. (-10% HP) [potion of
                  | mutation]
  2127 | D:5      | Gained mutation: You possess an exceptional clarity of
                  | mind. [potion of mutation]
  2127 | D:5      | Gained mutation: Your mind is acute. (Int +4, Str/Dex -1)
                  | [potion of mutation]
  2395 | D:4      | Mangled by an orc

Illustrated notes

Levels and vault maps discovered:
D:1:      eino_arrival_water_star, layout_loops_cross, serial_shops, shop
D:2:      minmay_evil_eye, layout_rooms, ebering_ecumenical_altar_mist,
          uniq_crazy_yiuf_cottage
D:3:      layout_rooms, serial_shops, shop, gammafunk_ghost_arena
D:4:      layout_cave_pools, nicolae_overflow_hallway_of_the_gods,
          enter_ossuary_4, serial_bayou_pond_e
D:5:      cheibrodos_thug_alley, layout_basic, serial_shops, nicolae_shop_trees,
          nicolae_square_shop, shop, shop
D:6:      layout_basic, gammafunk_ghost_necromancy, nrook_campfire,
          dk_noncrumbling_4

Skill      XL: |  1  2  3  4  5 |
---------------+----------------+-----
Short Blades   | 2 3 4 |  4.1
Ice Magic      | 1 |  1.6
Hexes          | 4 |  4.0
Dodging        | |  2.0
Stealth        | |  4.0
Spellcasting   | |  2.0

Action                   |  1- 3 |  4- 6 || total
-------------------------+-------+-------++-------
Melee: Dagger            |    61 |    26 ||    87
       Constrict         |    15 |     4 ||    19
       Tentacles         |    11 |     7 ||    18
 Cast: Ensorcelled Hiber |     1 |     5 ||     6
  Use: Scroll            |     2 |     3 ||     5
       Potion            |       |     4 ||     4
 Stab: Sleeping          |    17 |     6 ||    23
       Invisible         |       |     2 ||     2
Armor: Skin              |     2 |     1 ||     3
Dodge: Dodged            |    28 |    17 ||    45
